 Dungeon Crawl Stone Soup version 0.27-a0-1136-g0b992a5a9d (webtiles) character file.

Game seed: 4033200016052260792

100 robertstho the Skirmisher (level 4, 0/63 HPs)
             Began as a Minotaur Berserker on May 4, 2021.
             Was a Believer of Trog.
             Slain by a black bear (2 damage)
             ... on level 4 of the Dungeon.
             The game lasted 00:02:24 (2631 turns).

robertstho the Skirmisher (Minotaur Berserker)      Turns: 2631, Time: 00:02:25

Health: 0/63       AC:  2    Str: 22    XL:     4   Next: 47%
Magic:  3/3        EV: 12    Int:  4    God:    Trog [**....]
Gold:   80         SH:  0    Dex: 10    Spells: 3/3 levels left

rFire    . . .     SeeInvis .   a - +0 hand axe
rCold    . . .     Faith    .   (no shield)
rNeg     . . .     Spirit   .   b - +0 animal skin
rPois    .         Reflect  .   (helmet restricted)
rElec    .         Harm     .   (no cloak)
rCorr    .         Rampage  .   (no gloves)
Will     .....                  (no boots)
Stlth    ..........             (no amulet)
HPRegen  0.20/turn              (no ring)
MPRegen  0.08/turn              (no ring)

@: berserking, very quick
A: horns 2, retaliatory headbutt
a: Renounce Religion, Berserk, Trog's Hand


You were on level 4 of the Dungeon.
You worshipped Trog.
Trog was pleased with you.
You visited 1 branch of the dungeon, and saw 4 of its levels.

You collected 80 gold pieces.

Inventory:

Hand Weapons
 a - a +0 hand axe (weapon)
Armour
 b - a +0 animal skin (worn)
Scrolls
 c - 3 scrolls of identify {unknown}
 d - 2 scrolls of teleportation {unknown}
 e - 3 scrolls of magic mapping {unknown}
 f - 3 scrolls of blinking {unknown}
 i - a scroll of enchant weapon {unknown}
 l - a scroll of enchant armour {unknown}
 n - a scroll of fear {unknown}
Potions
 g - a potion of resistance {unknown}
 h - a potion of flight {unknown}
 j - a potion of mutation {unknown}
 k - a potion of curing {unknown}
 m - 2 potions of heal wounds {unknown}


   Skills:
 * Level 5.0 Fighting
 + Level 4.5 Axes
 * Level 3.2 Armour
 + Level 2.5 Dodging
 + Level 0.4 Stealth


You had 3 spell levels left.
You didn't know any spells.
Your spell library was empty.

Dungeon Overview and Level Annotations

Branches:
Dungeon (4/15)
 Temple: D:4-7

Altars:

Shops:
D:3 *


Innate Abilities, Weirdness & Mutations

You have a pair of horns on your head.
You reflexively headbutt those who attack you in melee.


Message History

You see here a +0 dagger.
You barely miss the black bear.
A goblin comes into view. It is wielding a +0 dagger.
The black bear barely misses you. The black bear claws you. x2
You slash the black bear!
The black bear is moderately wounded.
The black bear bites you. The black bear misses you. The black bear claws you.
You hit the black bear.
The black bear is moderately wounded.
The black bear bites you but does no damage.
The black bear claws you. The black bear completely misses you.
You closely miss the black bear.
The black bear is moderately wounded.
You closely miss the goblin. The goblin closely misses you.
The black bear bites you! The black bear closely misses you. x2
You hit the black bear but do no damage.
Your headbutt misses the black bear.
The black bear is moderately wounded.
You hit the goblin but do no damage. The goblin closely misses you.
The black bear bites you. The black bear claws you. x2
* * * LOW HITPOINT WARNING * * *
You are too injured to fight recklessly!
Unknown command.
A red film seems to cover your vision as you go berserk!
You feel yourself moving faster!
You feel mighty! The black bear bites you.
* * * LOW HITPOINT WARNING * * *
The black bear claws you.
* * * LOW HITPOINT WARNING * * *
The black bear claws you.
* * * LOW HITPOINT WARNING * * *
The goblin barely misses you.
You barely miss the black bear.
The black bear is moderately wounded.
You barely miss the goblin. You hit the goblin.
You kill the goblin!
Trog accepts your kill. The black bear bites you!
* * * LOW HITPOINT WARNING * * *
The black bear claws you.
You die...

# #.## ###.
....
....###>..
....... # ..
...#.#.# ...
#.#.#.#....
#..)g......
####.@h....#
#.....(....#
#.#<.........
# ##[......##
#.........
#...####..
#...# . #...#
#...#


You could see a black bear and a goblin.

Vanquished Creatures
  3 adders
  A worm (D:2)
  3 dart slugs (D:1)
  3 orcs (D:3)
  3 ball pythons
  5 bats
  6 endoplasms
  2 giant cockroaches
  8 hobgoblins
  10 kobolds
  4 quokkas
  3 frilled lizards
  4 goblins
  3 rats
58 creatures vanquished.

Notes
Turn   | Place    | Note
-------+----------+-------------------------------------------
     0 | D:1      | robertstho the Minotaur Berserker began the quest for the
                  | Orb.
     0 | D:1      | Reached XP level 1. HP: 19/19 MP: 0/0
   223 | D:1      | Reached skill level 4 in Fighting
   226 | D:1      | Reached XP level 2. HP: 27/27 MP: 1/1
   857 | D:2      | Reached XP level 3. HP: 34/34 MP: 2/2
  1227 | D:2      | Found a faded altar of an unknown god.
  1239 | D:2      | Reached ** piety under Trog
  1842 | D:3      | Reached XP level 4. HP: 34/41 MP: 3/3
  2343 | D:3      | Found Oreph's General Store.
  2378 | D:3      | Reached skill level 5 in Fighting
  2619 | D:4      | Noticed a black bear
  2631 | D:4      | HP: 2/63 [black bear (7)]
  2631 | D:4      | Slain by a black bear

Illustrated notes

Levels and vault maps discovered:
D:1:      dpeg_arrival_tiny_e, layout_basic, eino_curves_03, minmay_pentomino_v2
D:2:      layout_loops_ring, ebering_ecumenical_altar_ruins
D:3:      layout_loops_cross, serial_glass, glass_columns_b, glass_columns_b,
          glass_columns_a, glass_columns_a, serial_shops, shop
D:4:      layout_basic

Skill      XL: |  1  2  3  4 |
---------------+-------------+-----
Fighting       | 4 5 |  5.0
Axes           | 4 |  4.5
Armour         | 3 |  3.2
Dodging        | |  2.5
Stealth        | |  0.4

Action                   |  1- 3 |  4- 6 || total
-------------------------+-------+-------++-------
Melee: Hand axe          |    66 |    35 ||   101
       Headbutt          |     9 |     4 ||    13
Invok: Berserk           |       |     1 ||     1
 Stab: Sleeping          |     1 |       ||     1
Armor: Animal skin       |    11 |     3 ||    14
Dodge: Dodged            |    42 |    32 ||    74

Table legend: (Time is in decaauts)
 A = Elapsed time spent in this place.
 B = Non-inter-level travel time spent in this place.
 C = Inter-level travel time spent in this place.
 D = Time resting spent in this place.
 E = Time spent auto-exploring this place.
 F = Levels seen in this place.
 G = Mean time per level.
                   A        B        C        D        E       F      G
               +--------+--------+--------+--------+--------+-----+--------+
         Total |   2639 |   2583 |     56 |      0 |   2298 |   4 |  659.8 |
       Dungeon |   2639 |   2583 |     56 |      0 |   2298 |   4 |  659.8 |
               +--------+--------+--------+--------+--------+-----+--------+

Top non-repeatable levels by time:
     D:3: 959 daAuts
     D:2: 885 daAuts
     D:1: 781 daAuts
     D:4: 12 daAuts
